 Dungeon Crawl Stone Soup version 0.29.1-2-gbd0b4ee654 (webtiles) character file.

Game seed: 8908413933736649254

3055 kingsuperguy the Basher (level 9, -6/79 HPs)
             Began as a Minotaur Berserker on Nov 18, 2022.
             Was an Elder of Trog.
             Mangled by an orc warlord
             ... wielding a +4 battleaxe
              (26 damage)
             ... in a bailey.
             The game lasted 00:09:29 (7133 turns).

kingsuperguy the Basher (Minotaur Berserker)        Turns: 7133, Time: 00:09:30

Health: -6/79      AC: 23    Str: 25    XL:     9   Next: 57%
Magic:  8/8        EV:  9    Int:  4    God:    Trog [****..]
Gold:   400        SH:  0    Dex: 11    Spells: 8/8 levels left

rFire   + . .      SeeInvis .   a - +0 mace
rCold   x . .      Faith    .   (no shield)
rNeg    . . .      Spirit   .   B - +0 plate armour
rPois   .          Reflect  .   (helmet restricted)
rElec   .          Harm     .   y - +0 cloak
rCorr   .          Rampage  .   (no gloves)
Will    .....                   j - +2 pair of boots
Stlth   ..........              G - amulet of regeneration
HPRegen 1.03/turn               l - +4 ring of protection
MPRegen 0.11/turn               z - ring of fire

@: on berserk cooldown, slowed, very slow
A: horns 2, retaliatory headbutt
a: Renounce Religion, Berserk, Trog's Hand, Brothers in Arms


You were in a bailey.
You worshipped Trog.
Trog was greatly pleased with you.
You visited 1 branch of the dungeon, and saw 8 of its levels.
You also visited: Bailey.

You collected 400 gold pieces.

Inventory:

Hand Weapons
 a - a +0 mace (weapon)
 K - a +0 whip of venom
 P - a +4 war axe
Missiles
 f - 6 boomerangs (quivered)
 I - 5 poisoned darts
Armour
 b - a +0 animal skin
 e - a scarf of harm
 j - a +2 pair of boots (worn)
 r - a +0 ring mail
 y - a +0 cloak (worn)
 B - a +0 plate armour (worn)
Jewellery
 l - a +4 ring of protection (left hand)
 z - a ring of fire (right hand)
 G - an amulet of regeneration (around neck)
 M - a +4 ring of evasion
Wands
 n - a wand of light (11)
 p - a wand of digging (12)
 x - a wand of iceblast (11)
Scrolls
 i - 5 scrolls of teleportation
 k - 2 scrolls of enchant armour
 s - a scroll of amnesia {unknown}
 C - 3 scrolls of immolation {unknown}
 E - a scroll of summoning {unknown}
 F - 2 scrolls of enchant weapon {unknown}
 H - a scroll of poison {unknown}
 J - a scroll of vulnerability {unknown}
 L - a scroll of noise {unknown}
 N - a scroll of brand weapon {unknown}
 O - a scroll of silence {unknown}
 Q - a scroll of fog {unknown}
 R - a scroll of magic mapping {unknown}
Potions
 c - 6 potions of curing
 d - 3 potions of mutation
 g - 3 potions of magic
 h - a potion of berserk rage
 m - a potion of brilliance
 q - 2 potions of flight
 t - a potion of invisibility {unknown}
 u - 5 potions of lignification {unknown}
 v - a potion of degeneration {unknown}
 w - 4 potions of heal wounds {unknown}
 A - a potion of resistance {unknown}
 D - 2 potions of attraction {unknown}


   Skills:
 + Level 7.4 Fighting
 + Level 10.0 Maces & Flails
 * Level 9.9 Armour
 + Level 4.9 Dodging
 + Level 2.3 Stealth


You had 8 spell levels left.
You didn't know any spells.
Your spell library was empty.

Dungeon Overview and Level Annotations

Branches:
Dungeon (8/15)             Temple (0/1) D:4          Bailey (1/1)
   Lair: D:8-11

Altars:
Ashenzari
Gozag
Nemelex Xobeh
Sif Muna
Trog
Uskayaw


Innate Abilities, Weirdness & Mutations

You have a pair of horns on your head.
You reflexively headbutt those who attack you in melee.


Message History

You closely miss the orc warlord.
The orc no longer looks unusually strong.
The orc barely misses you. The orc warrior barely misses you.
The goblin hits you but does no damage.
The orc warlord roars a battlecry!
The orc goes into a battle-frenzy!
You hit the orc warlord. You headbutt the orc warlord.
The orc warlord is lightly wounded.
You hit the orc warlord but do no damage.
The orc warlord is lightly wounded.
The orc hits you but does no damage.
The orc warrior hits you with a +0 broad axe!
The goblin hits you but does no damage.
The orc warlord hits you with a +4 battleaxe!!
You barely miss the orc warlord.
The orc warlord is lightly wounded.
The orc warrior no longer looks unusually strong.
The orc hits you but does no damage. The orc warrior barely misses you.
The goblin hits you but does no damage.
The orc warlord roars a battlecry!
The orc warrior goes into a battle-frenzy!
You are no longer berserk.
You are exhausted.
You feel yourself slow down.
Items here: )) [[ †.
The goblin attacks as you move away! The goblin barely misses you.
The orc no longer looks unusually strong. x2
The orc warlord roars a battlecry!
The orcs go into a battle-frenzy!
The goblin closely misses you. You furiously retaliate!
You headbutt the goblin.
You kill the goblin!
Trog accepts your kill.
Things that are here:
a +0 war axe; a +0 scale mail; an orc skeleton The orc warlord hits you with a +4 battleaxe!
* * * LOW HITPOINT WARNING * * *
Items here: ))) [[[ ÷÷.
The orc warlord hits you with a +4 battleaxe!!
You die...

####### ##..∩..## #.......#
##.......## #.........#
##.........##
######.....⌠.....#######
.....##........)##.....##
......)).....ooo@.......#
......##.....))##.......##
.......#...oo..#.........#
.......##88.88##.........##
..⌠.....###'###.....⌠.....#
.......###... ##.........##
.......#.....o #.........#
......##......o##.......##
......#.........#.......#


You could see an orc warlord, an orc warrior (strong) and 3 orcs.

Vanquished Creatures
  An unseen horror (D:7)
  Prince Ribbit (D:7)
  Menkaure (D:7)
  8 orc warriors (Bailey)
  An ogre (D:7)
  2 centaurs (D:5)
  A phantom (D:6)
  2 necrophages
  6 scorpions
  3 orc priests
  9 hounds
  Crazy Yiuf (D:7)
  3 iguanas
  A jelly (D:5)
  Ijyb (D:3)
  2 orc wizards
  Natasha (thrice) (D:2)
  11 gnolls
  4 adders
  2 white imps (D:5)
  A worm (D:3)
  A dart slug (D:3)
  22 orcs
  12 ball pythons
  7 endoplasms
  2 giant cockroaches
  22 goblins
  10 hobgoblins
  5 jackals
  6 kobolds
  3 quokkas
  6 bats
  4 frilled lizards
  5 rats
169 creatures vanquished.

Vanquished Creatures (others)
  A plant (D:4)
1 creature vanquished.

Grand Total: 170 creatures vanquished

Notes
Turn   | Place    | Note
-------+----------+-------------------------------------------
     0 | D:1      | kingsuperguy the Minotaur Berserker began the quest for the
                  | Orb.
     0 | D:1      | Reached XP level 1. HP: 19/19 MP: 0/0
   236 | D:1      | Found a faded altar of an unknown god.
   263 | D:1      | Reached skill level 4 in Maces & Flails
   263 | D:1      | Reached XP level 2. HP: 15/27 MP: 1/1
   687 | D:1      | Reached XP level 3. HP: 16/33 MP: 2/2
   861 | D:1      | Reached ** piety under Trog
  1324 | D:2      | Noticed Natasha
  1332 | D:2      | Killed Natasha
  1334 | D:2      | Reached XP level 4. HP: 41/41 MP: 3/3
  1483 | D:2      | Noticed Natasha
  1490 | D:2      | Killed Natasha
  1583 | D:2      | Reached skill level 5 in Maces & Flails
  1961 | D:2      | Noticed Natasha
  1967 | D:2      | Killed Natasha
  1968 | D:2      | Reached XP level 5. HP: 47/47 MP: 4/4
  2183 | D:3      | Reached skill level 5 in Fighting
  2431 | D:3      | Reached *** piety under Trog
  2732 | D:3      | Noticed Ijyb
  2745 | D:3      | Killed Ijyb
  2746 | D:3      | Reached XP level 6. HP: 55/56 MP: 5/5
  3005 | D:4      | Reached skill level 1 in Stealth
  3187 | D:4      | Found a staircase to the Ecumenical Temple.
  3399 | D:4      | Reached skill level 6 in Maces & Flails
  3530 | D:5      | Entered Level 5 of the Dungeon
  3777 | D:5      | Reached XP level 7. HP: 23/63 MP: 6/6
  4204 | D:5      | You fall into a shaft and drop 1 floor!
  4318 | D:6      | Reached skill level 7 in Maces & Flails
  4924 | D:5      | Found a shimmering blue altar of Sif Muna.
  5165 | D:6      | Reached skill level 5 in Armour
  5256 | D:6      | Found a sparkling altar of Nemelex Xobeh.
  5285 | D:6      | Reached XP level 8. HP: 68/71 MP: 7/7
  5525 | D:6      | Reached skill level 8 in Maces & Flails
  5814 | D:7      | Noticed Menkaure
  5820 | D:7      | Killed Menkaure
  5916 | D:7      | Found a hide-covered altar of Uskayaw.
  5919 | D:7      | Found a bloodstained altar of Trog.
  5922 | D:7      | Found an opulent altar of Gozag.
  5925 | D:7      | Found a broken altar of Ashenzari.
  5949 | D:7      | Noticed Prince Ribbit
  5960 | D:7      | Killed Prince Ribbit
  6023 | D:7      | Reached skill level 9 in Maces & Flails
  6394 | D:7      | Killed an unseen horror
  6395 | D:7      | Reached XP level 9. HP: 46/78 MP: 8/8
  6529 | D:7      | Found a runed translucent door.
  6530 | D:7      | Noticed Crazy Yiuf
  6534 | D:7      | Killed Crazy Yiuf
  6646 | D:8      | Found a flagged portal.
  6668 | Bailey   | Entered a bailey
  6691 | Bailey   | Reached **** piety under Trog
  7030 | Bailey   | Reached skill level 10 in Maces & Flails
  7107 | Bailey   | Noticed an orc warlord
  7133 | Bailey   | Mangled by an orc warlord

Illustrated notes

Levels and vault maps discovered:
D:1:      dpeg_arrival_radiant, layout_rooms,
          hellmonk_ecumenical_altar_pennies_from_heaven
D:2:      layout_basic, uniq_natasha
D:3:      layout_loops_ring, uniq_ijyb
D:4:      layout_rooms, minmay_temple_entry_gardened_gates, serial_bayou_lake_a
D:5:      layout_gridville, mainiacjoe_overflow_alcove_2, serial_park_tiny_2
D:6:      layout_loops_ring, nemelex_diamond_rough_becter
D:7:      layout_basic, grunt_temple_overflow_cloverleaf, uniq_menkaure,
          uniq_crazy_yiuf_cottage, uniq_prince_ribbit1
D:8:      layout_cave_pools, old_standard_altar, enter_bailey_2
Bailey:   bailey_axe_minmay_hex_keep, bailey

Skill      XL: |  1  2  3  4  5  6  7  8  9 |
---------------+----------------------------+-----
Fighting       | 4 5 6 7 |  7.4
Maces & Flails | 4 5 6 7 9 10 | 10.0
Dodging        | 3 4 |  4.9
Stealth        | 1 2 |  2.3
Armour         | 3 5 8 9 |  9.9

Action                   |  1- 3 |  4- 6 |  7- 9 || total
-------------------------+-------+-------+-------++-------
Melee: Mace              |    68 |   131 |   245 ||   444
       Headbutt          |     9 |    31 |    57 ||    97
       Punch             |       |     3 |     2 ||     5
Throw: Boomerang         |       |       |     1 ||     1
Invok: Berserk           |     1 |     1 |     2 ||     4
  Use: Scroll            |       |       |     8 ||     8
 Stab: Sleeping          |       |     1 |       ||     1
Armor: Animal skin       |    12 |    20 |       ||    32
       Ring mail         |       |    38 |    21 ||    59
       Plate armour      |       |       |   162 ||   162
Dodge: Dodged            |    60 |    81 |   125 ||   266
